 Dungeon Crawl Stone Soup version 0.29.1-15-g9cfb28693d (webtiles) character file.

Game seed: 16278709038764281622

5320 BuddhaDhamma the Severer (level 10, -5/77 HPs)
             Began as a Minotaur Berserker on Mar 27, 2023.
             Was an Elder of Trog.
             Shot with a sling bullet by Joseph (10 damage)
             ... on level 8 of the Dungeon.
             The game lasted 00:11:55 (7054 turns).

BuddhaDhamma the Severer (Minotaur Berserker)       Turns: 7054, Time: 00:11:56

Health: -5/77      AC: 10    Str: 25    XL:     10   Next: 38%
Magic:  9/9        EV: 22    Int:  4    God:    Trog [****..]
Gold:   513        SH:  0    Dex: 17    Spells: 9/9 levels left

rFire   . . .      SeeInvis .   a - +4 hand axe (spect)
rCold   . . .      Faith    .   (no shield)
rNeg    . . .      Spirit   .   n - +0 plate armour
rPois   .          Reflect  .   (helmet restricted)
rElec   .          Harm     .   t - +1 cloak
rCorr   .          Rampage  .   (no gloves)
Will    .....                   u - +0 pair of boots
Stlth   ..........              j - amulet of the acrobat
HPRegen 0.22/turn               D - +6 ring of dexterity
MPRegen 0.11/turn               w - +4 ring of slaying

@: corroded, on berserk cooldown, acrobatic, slowed, very slow
A: horns 2, retaliatory headbutt
a: Renounce Religion, Berserk, Trog's Hand, Brothers in Arms


You were on level 8 of the Dungeon.
You worshipped Trog.
Trog was greatly pleased with you.
You visited 1 branch of the dungeon, and saw 8 of its levels.
You also visited: Sewer.

You collected 513 gold pieces.

Inventory:

Hand Weapons
 a - a +4 spectral hand axe (weapon)
Missiles
 E - 3 boomerangs (quivered)
Armour
 n - a +0 plate armour (worn)
 t - a +1 cloak (worn)
 u - a +0 pair of boots (worn)
Jewellery
 j - an amulet of the acrobat (around neck)
 p - a ring of see invisible
 w - a +4 ring of slaying (right hand)
 D - a +6 ring of dexterity (left hand)
Wands
 o - a wand of acid (4)
 y - a wand of flame (14)
Scrolls
 c - 3 scrolls of immolation
 h - 2 scrolls of teleportation
 i - 4 scrolls of poison
 x - 4 scrolls of fear
Potions
 b - a potion of attraction {unknown}
 d - 4 potions of lignification
 e - 2 potions of curing
 g - 4 potions of flight
 l - 3 potions of invisibility
 m - 2 potions of mutation
 q - 3 potions of heal wounds
 r - 2 potions of brilliance
 s - a potion of degeneration {unknown}
 v - 2 potions of ambrosia {unknown}
 z - a potion of cancellation {unknown}
 A - a potion of haste {unknown}
 B - a potion of might {unknown}
 C - a potion of berserk rage {unknown}


   Skills:
 - Level 3.6 Fighting
 + Level 18.2 Axes
 - Level 2.4 Armour
 - Level 2.1 Dodging


You had 9 spell levels left.
You didn't know any spells.
Your spell library was empty.

Dungeon Overview and Level Annotations

Branches:
Dungeon (8/15)             Temple (0/1) D:7           Sewer (visited)
   Lair: D:8-11

Altars:
Cheibriados
Fedhas
Okawaru
Wu Jian
Yredelemnul
Zin
The Shining One

Annotations:
D:8 Joseph


Innate Abilities, Weirdness & Mutations

You have a pair of horns on your head.
You reflexively headbutt those who attack you in melee.


Message History

You feel sick. The wight hits you but does no damage.
Joseph shoots a sling bullet.
The sling bullet hits you!
You barely miss the wight. You headbutt the wight!
The wight is severely damaged.
Your +4 spectral hand axe misses the wight.
You feel sick. The wight hits you with a +0 mace!
You feel drained.
Joseph shoots a sling bullet.
The sling bullet hits you.
The killer bee stings you but does no damage.
You slash the wight!
You destroy the wight!
Trog accepts your kill.
You miss the killer bee.
Your +4 spectral hand axe hits the killer bee!
You feel sick. The killer bee stings you.
Joseph shoots a sling bullet.
The sling bullet hits you!
* * * LOW HITPOINT WARNING * * *
The killer bee stings you but does no damage.
You swap places.
You feel sick.
You are no longer poisoned.
The killer bee misses you.
The killer bee stings you but does no damage.
The killer bee closely misses you.
Things that are here:
a +0 mace; a +0 robe You hit the killer bee.
Your headbutt misses the killer bee.
The killer bee is heavily wounded.
Your +4 spectral hand axe hits the killer bee!
You kill the killer bee!
Trog accepts your kill.
Your life force feels restored.
Joseph shoots a sling bullet.
The sling bullet misses you.
Your ogre goes berserk!
Joseph zaps a wand.
The bolt of acid hits your ogre! The acid corrodes your ogre!
The bolt of acid hits you!
* * * LOW HITPOINT WARNING * * *
The acid corrodes you!
Joseph shoots a sling bullet.
The sling bullet barely misses your ogre.
The sling bullet hits you!
You die...

.......#....###
....:..#......#
.......#.... .#####
.......#... .....##
..@....#.. ......#
.........####......#
......)..........#
......)@.O..)...##
......)...)@.....#
.........)..........
...........)......#.F...
........####......##.....
.......?# #....).....##..
........# #...)....... .
........#####.........
........##.#..........
#.....................


You could see Joseph (ally target), a bullfrog and a friendly ogre (summoned,
berserk, corroded).

Vanquished Creatures
  The ghost of Sanktem7 the Shield-Bearer, a novice FoFi of Okawaru (D:7)
  A deep elf pyromancer (D:7)
  Pikel (D:6)
  The ghost of Andrakon the Geomancer, a novice GrEE (D:7)
  A gargoyle (D:7)
  Maggie (D:7)
  Prince Ribbit (D:8)
  Menkaure (D:7)
  Pargi (Sewer)
  2 ice beasts
  An ogre (D:6)
  A black bear (D:6)
  A centaur (D:6)
  A phantom (D:5)
  A kobold brigand (D:6)
  2 bullfrogs (D:6)
  3 scorpions
  8 wights
  4 killer bees (D:8)
  3 hounds (D:5)
  4 jellies
  2 orc priests
  Crazy Yiuf (D:3)
  2 gnoll boudas
  An iguana (D:5)
  Natasha (twice) (D:3)
  9 orc wizards
  Ijyb (D:3)
  Robin (D:3)
  8 gnolls
  7 adders
  3 white imps
  An ufetubus (D:4)
  2 worms
  2 dart slugs
  22 orcs
  10 bats
  4 endoplasms
  5 giant cockroaches
  11 goblins
  11 hobgoblins
  3 jackals (D:3)
  4 quokkas
  9 ball pythons
  A frilled lizard (D:3)
  15 kobolds
  3 rats
180 creatures vanquished.

Notes
Turn   | Place    | Note
-------+----------+-------------------------------------------
     0 | D:1      | BuddhaDhamma the Minotaur Berserker began the quest for the
                  | Orb.
     0 | D:1      | Reached XP level 1. HP: 19/19 MP: 0/0
    97 | D:1      | Reached skill level 4 in Axes
   174 | D:1      | Reached XP level 2. HP: 22/26 MP: 1/1
  1006 | D:2      | Found a faded altar of an unknown god.
  1011 | D:2      | Reached ** piety under Trog
  1012 | D:2      | Reached skill level 5 in Axes
  1018 | D:2      | Reached XP level 3. HP: 16/31 MP: 2/2
  1393 | D:2      | Reached skill level 6 in Axes
  1393 | D:2      | Reached XP level 4. HP: 32/39 MP: 3/3
  1676 | D:3      | Noticed Ijyb
  1689 | D:3      | Killed Ijyb
  1946 | D:3      | Reached XP level 5. HP: 45/45 MP: 4/4
  1959 | D:3      | Noticed Robin
  1964 | D:3      | Killed Robin
  1965 | D:3      | Reached skill level 7 in Axes
  2101 | D:3      | Found a glowing drain.
  2105 | D:3      | Reached *** piety under Trog
  2114 | Sewer    | Entered a sewer
  2130 | Sewer    | Noticed Pargi
  2141 | Sewer    | Killed Pargi
  2142 | Sewer    | Reached skill level 8 in Axes
  2142 | Sewer    | Reached XP level 6. HP: 51/51 MP: 5/5
  2560 | D:3      | Noticed Natasha
  2566 | D:3      | Killed Natasha
  2608 | D:3      | Noticed Natasha
  2612 | D:3      | Killed Natasha
  2692 | D:3      | Found a runed translucent door.
  2693 | D:3      | Noticed Crazy Yiuf
  2702 | D:3      | Killed Crazy Yiuf
  2888 | D:4      | Reached skill level 9 in Axes
  3010 | D:4      | Found an iron altar of Okawaru.
  3391 | D:4      | Found a glowing golden altar of the Shining One.
  3438 | D:4      | Reached XP level 7. HP: 57/57 MP: 6/6
  3598 | D:5      | Entered Level 5 of the Dungeon
  3618 | D:5      | Reached skill level 10 in Axes
  3842 | D:5      | Reached skill level 11 in Axes
  3926 | D:5      | Found an ornate altar of the Wu Jian Council.
  4055 | D:5      | Reached XP level 8. HP: 22/64 MP: 7/7
  4528 | D:6      | Reached skill level 12 in Axes
  4594 | D:6      | Reached **** piety under Trog
  4718 | D:6      | Noticed Pikel
  4728 | D:6      | Killed Pikel
  4729 | D:6      | Reached skill level 13 in Axes
  4736 | D:6      | Reached skill level 14 in Axes
  5202 | D:6      | Reached XP level 9. HP: 57/70 MP: 8/8
  5577 | D:7      | Found a runed translucent gate.
  5577 | D:7      | Found a runed translucent gate.
  5577 | D:7      | Found a runed translucent gate.
  5582 | D:7      | Noticed Sanktem7's ghost (novice FoFi)
  5582 | D:7      | Noticed Andrakon's ghost (novice GrEE)
  5632 | D:7      | Found a basalt altar of Yredelemnul.
  5637 | D:7      | Noticed Maggie
  5641 | D:7      | Identified the +0 whip of Acip {holy, rCorr Str-3 Dex+3}
  5659 | D:7      | Killed Maggie
  5660 | D:7      | Reached skill level 15 in Axes
  5959 | D:7      | Noticed a deep elf pyromancer
  5960 | D:7      | Found a staircase to the Ecumenical Temple.
  5965 | D:7      | Killed a deep elf pyromancer
  5966 | D:7      | Reached skill level 16 in Axes
  6021 | D:7      | Found a snail-covered altar of Cheibriados.
  6026 | D:7      | Found a glowing silver altar of Zin.
  6167 | D:7      | Found a blossoming altar of Fedhas.
  6180 | D:7      | Noticed Menkaure
  6182 | D:7      | Noticed a gargoyle
  6192 | D:7      | Killed Menkaure
  6194 | D:7      | HP: 1/70 [gargoyle/+0 morningstar (7)]
  6196 | D:7      | Killed a gargoyle
  6750 | D:7      | Killed Andrakon's ghost
  6751 | D:7      | Reached skill level 17 in Axes
  6751 | D:7      | Reached XP level 10. HP: 77/77 MP: 9/9
  6752 | D:7      | Killed Sanktem7's ghost
  7031 | D:8      | Noticed Prince Ribbit
  7036 | D:8      | Noticed Joseph
  7038 | D:8      | Killed Prince Ribbit
  7039 | D:8      | Reached skill level 18 in Axes
  7054 | D:8      | Shot with a sling bullet by Joseph

Illustrated notes

Levels and vault maps discovered:
D:1:      sevenhm_arrival_forest_fort_large_4, layout_loops_ring, serial_rivers,
          chequers_serial_rivers_large_b, chequers_serial_rivers_small_b,
          chequers_serial_rivers_small_3, chequers_serial_rivers_micro_c
D:2:      layout_rooms, hellmonk_ecumenical_altar_blasted, st_stairs_10
D:3:      layout_loops_ring, cheibrodos_sewer_entry_sluice,
          uniq_crazy_yiuf_cottage, uniq_ijyb, uniq_natasha, uniq_robin
D:4:      layout_basic, mainiacjoe_overflow_alcove_4, lemuel_crystal_altar,
          minmay_misc_feat_diagonals, st_stairs_7
D:5:      layout_rooms, lemuel_tele_altar
D:6:      layout_loops_ring, uniq_pikel
D:7:      layout_basic, kennysheep_slug_shrine, lemuel_crystal_altar,
          overflow_temple_1_default, fedhas_ov_isle_minmay,
          minmay_temple_entry_sparse_star, gammafunk_ghost_cemetery,
          uniq_menkaure, uniq_maggie
D:8:      layout_cave_pools, old_standard_altar, lair_entry_dummy,
          uniq_prince_ribbit1, uniq_joseph

Skill      XL: |  1  2  3  4  5  6  7  8  9 10 |
---------------+-------------------------------+-----
Axes           | 4 5 6 8 9 11 14 17 18 | 18.2
Fighting       | |  3.6
Armour         | |  2.4
Dodging        | |  2.1

Action                   |  1- 3 |  4- 6 |  7- 9 | 10-12 || total
-------------------------+-------+-------+-------+-------++-------
Melee: Hand axe          |    72 |   106 |   217 |    16 ||   411
       Headbutt          |    12 |    13 |    45 |     2 ||    72
       Punch             |       |     1 |     4 |       ||     5
Throw: Boomerang         |       |       |       |     9 ||     9
Invok: Berserk           |       |     5 |     6 |     1 ||    12
       Brothers in Arms  |       |       |       |     1 ||     1
  Use: Scroll            |       |       |    14 |     6 ||    20
 Stab: Distracted        |       |       |     2 |     1 ||     3
Armor: Animal skin       |    19 |       |       |       ||    19
       Scale mail        |    23 |       |       |       ||    23
       Plate armour      |       |    52 |    95 |     8 ||   155
Dodge: Dodged            |    59 |    57 |    85 |    11 ||   212
